 Dungeon Crawl Stone Soup version 0.19.1 (webtiles) character file.

616 markt42 the Cudgeler (level 7, -16/38 HPs)
             Began as a Gargoyle Fighter on Dec 23, 2016.
             Demolished by an orc warrior
             ... wielding a +0 halberd
              (18 damage)
             ... on level 6 of the Dungeon.
             The game lasted 00:03:46 (2974 turns).

markt42 the Cudgeler (Gargoyle Fighter)             Turns: 2974, Time: 00:03:47

Health: -16/38     AC: 14    Str: 21      XL:     7   Next: 45%
Magic:  7/7        EV:  8    Int: 11 (14) God:
Gold:   235        SH:  9    Dex:  6 (9)  Spells: 0 memorised, 6 levels left

rFire  . . .     SeeInvis .     a - +0 flail
rCold  . . .     Gourm    .     b - +0 scale mail
rNeg   + . .     Faith    .     c - +0 shield
rPois  ∞         Spirit   .     (helmet restricted)
rElec  +         Reflect  .     y - +0 cloak
rCorr  .         Harm     .     (no gloves)
MR     .....                    (no boots)
Stlth  ..........               (no amulet)
                                (no ring)
                                h - +1 ring of protection

@: brilliant, very slightly contaminated
A: antennae 1, frail 1, negative energy resistance 1, electricity resistance,
unbreathing, petrification resistance, rot immunity, AC +4
a: no special abilities


You were on level 6 of the Dungeon.
You were hungry.

You visited 1 branch of the dungeon, and saw 5 of its levels.

You collected 235 gold pieces.

Inventory:

Hand Weapons
 a - a +0 flail (weapon)
Armour
 b - a +0 scale mail (worn)
 c - a +0 shield (worn)
 o - a +0 helmet
 y - a +0 cloak (worn)
Jewellery
 h - a +1 ring of protection (left hand)
Scrolls
 e - 2 scrolls of enchant armour {unknown}
 g - 2 scrolls of teleportation {unknown}
 k - a scroll of enchant weapon {unknown}
 n - a scroll of amnesia {unknown}
 q - a scroll of blinking {unknown}
 r - a scroll of immolation {unknown}
 s - 4 scrolls of identify {unknown}
 v - a scroll of recharging {unknown}
 w - a scroll of remove curse {unknown}
 x - a scroll of magic mapping {unknown}
Potions
 j - 3 potions of lignification
 B - a potion of brilliance
Comestibles
 f - 5 bread rations
 p - a slice of pizza
 z - a meat ration
 A - 2 chunks of flesh
 C - 3 fruits


   Skills:
 + Level 4.2 Fighting
 * Level 5.8 Maces & Flails
 + Level 4.4 Armour
 + Level 1.2 Dodging
 + Level 5.0 Shields


You had 6 spell levels left.
You didn't know any spells.

Dungeon Overview and Level Annotations

Branches:
Dungeon (4/15)
 Temple: D:4-7

Altars:
Ashenzari
Elyvilon
Kikubaaqudgha
Makhleb
Vehumet
Xom
Yredelemnul
The Shining One


Innate Abilities, Weirdness & Mutations

You are resistant to torment.
Your stone body is resilient. (AC +4)
You are immune to poison.
You resist negative energy. (rN+)
You are resistant to electric shocks. (rElec)
You can survive without breathing.
You are immune to petrification.
You are immune to rotting.
You have a pair of small antennae on your head.
You are frail. (-10% HP)


Message History

The bullfrog hits you but does no damage.
You sock the bullfrog!
The bullfrog is heavily wounded.
You feel yourself slow down. The bullfrog completely misses you.
You hit the bullfrog.
The bullfrog is severely wounded.
You block the bullfrog's attack. The bullfrog hits you.
* * * LOW HITPOINT WARNING * * *
You sock the bullfrog!
You kill the bullfrog!
You feel your strength returning. You block the orc warrior's attack.
The dart slug bites you.
* * * LOW HITPOINT WARNING * * *
Things that are here:
a bullfrog corpse; a sky beast corpse You hit the dart slug.
The dart slug is severely wounded.
The orc warrior hits you from afar with a halberd!!
You die...

### #.# #.# #.#
#.# #.## #.?#
##@# #w#
#####o####
#....o...#
.⌠.....#....>...#
...##.#........#
..⌠.#..........#
.?............#
oo####........#


You could see an orc warrior, a dart slug and an orc.

Vanquished Creatures
  Sigmund (D:2)
  A sky beast (D:6)
  A bullfrog (D:6)
  An orc priest (D:3)
  3 orc wizards
  Terence (D:2)
  A worker ant (D:4)
  4 gnolls (D:2)
  An adder (D:3)
  An ooze (D:4)
  An adder skeleton (D:4)
  4 worms
  2 dart slugs
  A leopard gecko (D:3)
  11 orcs
  6 bats
  A giant cockroach (D:6)
  17 goblins
  7 hobgoblins
  7 kobolds
  A quokka (D:3)
  A ball python (D:2)
  2 frilled lizards
  A quokka skeleton (D:4)
  7 rats
84 creatures vanquished.

Notes
Turn   | Place    | Note
-------+----------+-------------------------------------------
     0 | D:1      | markt42 the Gargoyle Fighter began the quest for the Orb.
     0 | D:1      | Reached XP level 1. HP: 14/14 MP: 1/1
   140 | D:1      | Reached XP level 2. HP: 19/19 MP: 2/2
   730 | D:2      | Found a glowing golden altar of the Shining One.
   748 | D:2      | Reached XP level 3. HP: 22/23 MP: 3/3
   767 | D:2      | Reached XP level 4. HP: 19/29 MP: 4/4
   874 | D:2      | Noticed Sigmund
   894 | D:2      | Killed Sigmund
   894 | D:2      | Reached XP level 5. HP: 15/33 MP: 5/5
   894 | D:2      | Reached XP level 6. HP: 18/38 MP: 6/6
  1064 | D:2      | Found a radiant altar of Vehumet.
  1404 | D:2      | Noticed Terence
  1423 | D:2      | Killed Terence
  1463 | D:3      | Found a burning altar of Makhleb.
  1466 | D:3      | Found an ancient bone altar of Kikubaaqudgha.
  1466 | D:3      | Found a white marble altar of Elyvilon.
  1468 | D:3      | Found a shattered altar of Ashenzari.
  1468 | D:3      | Found a shimmering altar of Xom.
  1837 | D:3      | Reached skill level 5 in Maces & Flails
  2809 | D:4      | Found a basalt altar of Yredelemnul.
  2852 | D:4      | You fall through a shaft for 2 floors!
  2880 | D:6      | Noticed an orc warrior
  2885 | D:6      | Noticed a sky beast
  2887 | D:6      | Reached XP level 7. HP: 43/43 MP: 7/7
  2919 | D:6      | Gained mutation: You are frail. (-10% HP) [potion of mutation]
  2919 | D:6      | Gained mutation: You have a pair of small antennae on your head. [potion of mutation]
  2968 | D:6      | Reached skill level 1 in Dodging
  2968 | D:6      | Reached skill level 5 in Shields
  2974 | D:6      | Demolished by an orc warrior

Skill      XL: |  1  2  3  4  5  6  7 |
---------------+----------------------+-----
Maces & Flails | 3 4 5 |  5.8
Fighting       | 4 |  4.2
Shields        | 4 5 |  5.0
Armour         | 4 |  4.4
Dodging        | 1 |  1.2

Action                   |  1- 3 |  4- 6 |  7- 9 || total
-------------------------+-------+-------+-------++-------
Melee: Flail             |    85 |   278 |    17 ||   380
  Use: Potion            |       |     1 |     9 ||    10
  Eat: Chunk             |       |     7 |       ||     7
Armor: Scale mail        |    50 |   148 |     5 ||   203
       Skin              |       |       |    20 ||    20
Dodge: Dodged            |    24 |    87 |     4 ||   115
Block: Shield            |    43 |   174 |    12 ||   229
